 Dungeon Crawl Stone Soup version 0.27.1 (webtiles) character file.

Game seed: 12072787665977841151

15 hawla the Sneak (level 2, -2/18 HPs)
             Began as a Deep Elf Delver on Aug 31, 2021.
             Slain by a water moccasin skeleton (6 damage)
             ... on level 4 of the Dungeon.
             The game lasted 00:00:46 (338 turns).

hawla the Sneak (Deep Elf Delver)                    Turns: 338, Time: 00:00:46

Health: -2/18      AC:  3    Str:  9    XL:     2   Next: 34%
Magic:  4/4        EV: 12    Int: 14    God:
Gold:   15         SH:  0    Dex: 16    Spells: 1/1 levels left

rFire    . . .     SeeInvis .   a - +0 short sword
rCold    . . .     Faith    .   (no shield)
rNeg     . . .     Spirit   .   b - +0 leather armour
rPois    .         Reflect  .   (no helmet)
rElec    .         Harm     .   (no cloak)
rCorr    .         Rampage  .   (no gloves)
Will     .....                  (no boots)
Stlth    +++.......             (no amulet)
HPRegen  0.06/turn              (no ring)
MPRegen  0.09/turn              (no ring)

@: no status effects
A: no striking features
a: no special abilities


You were on level 4 of the Dungeon.
You visited 1 branch of the dungeon, and saw 2 of its levels.

You collected 15 gold pieces.

Inventory:

Hand Weapons
 a - a +0 short sword (weapon)
Armour
 b - a +0 leather armour (worn)
Wands
 g - a wand of digging (3)
Scrolls
 c - a scroll of fog
 d - a scroll of magic mapping
 e - a scroll of fear
 i - a scroll of enchant weapon {unknown}
Potions
 f - a potion of haste


   Skills:
 + Level 2.5 Fighting
 + Level 2.1 Short Blades
 + Level 2.5 Dodging
 + Level 6.5 Stealth


You had one spell level left.
You didn't know any spells.
Your spell library was empty.

Dungeon Overview and Level Annotations

Branches:
Dungeon (5/15)
 Temple: D:4-7

Altars:


Message History

The water moccasin skeleton barely misses you.
You barely miss the water moccasin skeleton.
The water moccasin skeleton closely misses you.
You completely miss the water moccasin skeleton.
The water moccasin skeleton bites you.
You hit the water moccasin skeleton.
The water moccasin skeleton is lightly damaged.
The water moccasin skeleton bites you.
You hit the water moccasin skeleton.
The water moccasin skeleton is lightly damaged.
The water moccasin skeleton barely misses you.
You barely miss the water moccasin skeleton.
The water moccasin skeleton is lightly damaged.
The water moccasin skeleton bites you.
* * * LOW HITPOINT WARNING * * *
The water moccasin skeleton closely misses you.
You hit the water moccasin skeleton.
The water moccasin skeleton is moderately damaged.
The water moccasin skeleton bites you.
* * * LOW HITPOINT WARNING * * *
The water moccasin skeleton misses you.
It was a potion of heal wounds.
You feel much better.
The water moccasin skeleton bites you but does no damage.
You hit the water moccasin skeleton.
The water moccasin skeleton is moderately damaged.
The water moccasin skeleton bites you.
You hit the water moccasin skeleton.
The water moccasin skeleton is heavily damaged.
The water moccasin skeleton barely misses you.
You barely miss the water moccasin skeleton.
The water moccasin skeleton is heavily damaged.
The water moccasin skeleton misses you.
You hit the water moccasin skeleton but do no damage.
The water moccasin skeleton is heavily damaged.
The water moccasin skeleton bites you. x2
* * * LOW HITPOINT WARNING * * *
You hit the water moccasin skeleton.
The water moccasin skeleton is heavily damaged.
The water moccasin skeleton bites you.
You die...

#.#
#.#
#.#
#.#
#.#
#.#
#.#
#.#
#@#
#Z#
#.#
#.#
#.#
#.#
#.#
#.#
...


You could see a water moccasin skeleton.

Vanquished Creatures
  A hound skeleton (D:5)
  A hobgoblin (D:4)
2 creatures vanquished.

Vanquished Creatures (others)
  A plant (D:4)
1 creature vanquished.

Grand Total: 3 creatures vanquished

Notes
Turn   | Place    | Note
-------+----------+-------------------------------------------
     0 | D:5      | hawla the Deep Elf Delver began the quest for the Orb.
     0 | D:5      | Reached XP level 1. HP: 13/13 MP: 3/3
    33 | D:5      | Reached XP level 2. HP: 4/18 MP: 4/4
   265 | D:5      | Noticed an ogre
   338 | D:4      | Slain by a water moccasin skeleton

Illustrated notes

Levels and vault maps discovered:
D:4:      wad_lake_hut, layout_basic, mainiacjoe_overflow_cross_hatched,
          slow_altar_2, uniq_edmund, uniq_grinder
D:5:      layout_basic, uniq_duvessa, uniq_eustachio

Action                   || total
-------------------------++-------
Melee: Short sword       ||    31
  Use: Potion            ||     1
Armor: Leather armour    ||     7
Dodge: Dodged            ||    21
